 Dungeon Crawl Stone Soup version 0.21-a0-529-g8c7b3f5 (webtiles) character file.

11629 KeeTraxx the Martial Artist (level 11, -7/56 HPs)
             Began as a Vine Stalker Transmuter on Dec 8, 2017.
             Was a Believer of Wu Jian.
             Mangled by a red ugly thing (17 damage)
             ... on level 11 of the Dungeon on Dec 10, 2017.
             The game lasted 00:54:06 (11610 turns).

KeeTraxx the Martial Artist (VSTm)                 Turns: 11610, Time: 00:54:07

Health: -7/56      AC:  2    Str: 17    XL:     11   Next: 80%
Magic:  0/20       EV: 19    Int: 16    God:    Wu Jian [**....]
Gold:   728        SH:  0    Dex: 20    Spells: 10/21 levels left

rFire    . . .     SeeInvis .     - Unarmed
rCold    . . .     Gourm    .   (shield currently unavailable)
rNeg     . . .     Faith    .   (armour currently unavailable)
rPois    x         Spirit   +   (helmet currently unavailable)
rElec    .         Reflect  .   (cloak currently unavailable)
rCorr    .         Harm     .   (gloves currently unavailable)
MR       +....                  (boots currently unavailable)
Stlth    ++........             (no amulet)
HPRegen  0.58/turn              y - +4 ring of strength
MPRegen  0.17/turn              D - ring of flight

@: confusing touch, spider-form
A: tiny, regeneration 1, magic shield, no potion heal 3, rot immunity
a: End Transformation, Renounce Religion, Evoke Flight


You were on level 11 of the Dungeon.
You worshipped Wu Jian.
Wu Jian was pleased with you.
You were hungry.
You were a venomous arachnid creature.
You visited 2 branches of the dungeon, and saw 12 of its levels.

You collected 752 gold pieces.
You spent 24 gold pieces at shops.

Inventory:

Hand Weapons
 b - a +0 hunting sling
Missiles
 a - 120 arrows
 k - 84 sling bullets
 o - 3 throwing nets (quivered)
 w - 228 stones
Armour
 q - a +2 pair of gloves (melded)
 s - a +0 robe
 x - a +0 leather armour
 H - a +0 cloak (melded)
 J - a +1 hat (melded)
 K - a +0 pair of boots (melded)
 N - +0 steam dragon scales (melded)
 U - a +0 troll leather armour
Jewellery
 n - an uncursed amulet of faith
 y - a +4 ring of strength (left front leg)
 D - a ring of flight (right front leg)
Wands
 p - a wand of disintegration (23)
 E - a wand of digging (9)
 I - a wand of flame (49)
 L - a wand of iceblast (4)
 M - a wand of random effects (6)
Scrolls
 e - 2 scrolls of identify
 f - 4 scrolls of immolation
 h - 5 scrolls of enchant armour
 i - 7 scrolls of remove curse
 l - 5 scrolls of teleportation
 R - a scroll of fog
Potions
 j - a potion of cancellation
 m - 3 potions of berserk rage
 r - 3 potions of brilliance
 z - 2 potions of agility
 A - a potion of invisibility
 B - a potion of magic
 F - 5 potions of curing
 G - 3 potions of haste
 O - a potion of resistance {unknown}
 P - a potion of flight
 Q - a potion of might
 S - a potion of mutation {unknown}
Books
 c - a book of Changes

   Spells                             Type                      Level
   a - Beastly Appendage              Transmutation                1
   b - Sticks to Snakes               Transmutation                2
   c - Spider Form                    Transmutation/Poison         3
   d - Ice Form                       Ice/Transmutation            4
   e - Blade Hands                    Transmutation                5
 t - a book of Debilitation

   Spells                             Type                      Level
   a - Corona                         Hexes                        1
   b - Slow                           Hexes                        2
   c - Inner Flame                    Hexes/Fire                   3
   d - Portal Projectile              Hexes/Translocation          3
   e - Cause Fear                     Hexes                        4
   f - Leda's Liquefaction            Hexes/Earth                  4
 u - a book of Misfortune

   Spells                             Type                      Level
   a - Confusing Touch                Hexes                        1
   b - Confuse                        Hexes                        3
   c - Gell's Gravitas                Translocation                3
   d - Petrify                        Transmutation/Earth          4
   e - Metabolic Englaciation         Hexes/Ice                    5
   f - Yara's Violent Unravelling     Hexes/Transmutation          5
Comestibles
 d - 11 bread rations
 g - 6 meat rations
 v - 14 royal jellies
 C - 5 fruits


   Skills:
 + Level 5.4 Fighting
 - Level 1.5 Dodging
 + Level 13.4 Unarmed Combat
 - Level 5.5 Spellcasting
 - Level 3.1 Hexes
 * Level 7.5 Transmutations
 - Level 5.0 Ice Magic
 - Level 2.0 Poison Magic


You had 10 spell levels left.
You knew the following spells:

 Your Spells              Type           Power        Failure   Level  Hunger
a - Beastly Appendage     Tmut           ####..       4%          1    None
b - Sticks to Snakes      Tmut           ####....     5%          2    #......
c - Spider Form           Tmut/Pois      ###.......   17%         3    ###....
d - Confusing Touch       Hex            ##....       13%         1    None
e - Ice Form              Ice/Tmut       ###.....     26%         4    ####...


Dungeon Overview and Level Annotations

Branches:
Dungeon (11/15)            Temple (1/1) D:7            Lair (0/6) D:9
    Orc (0/2) D:10

Altars:
Ashenzari
Cheibriados
Dithmenos
Elyvilon
Fedhas
Gozag
Hepliaklqana
Kikubaaqudgha
Makhleb
Nemelex Xobeh
Okawaru
Qazlal
Ru
Sif Muna
Trog
Uskayaw
Vehumet
Wu Jian
Xom
Yredelemnul
Zin
The Shining One

Shops:
D:5 *   D:6 !   D:9 *

Annotations:
D:5 exclusion: oklob plant


Innate Abilities, Weirdness & Mutations

((You have razor-sharp teeth.))
Your natural rate of healing is unusually fast.
When hurt, damage is shared between your health and your magic reserves.
((Your bite disrupts and absorbs the magic of your enemies.))
Potions cannot restore your health.
You are immune to rotting.


Message History

You hit the wyvern but do no damage.
The wyvern looks even sicker.
The wyvern is severely wounded.
The wyvern misses you.
You barely miss the wyvern.
The wyvern is severely wounded.
The wyvern misses you.
You maul the wyvern!!
You kill the wyvern!
The Council accepts your kill.
The red ugly thing seems less confused.
The Council accepts your kill.
You feel a bit more experienced.
Casting: Spider Form
Confirm with . or Enter, or press ? or * to list all spells.
Your front legs begin to glow red.
You hit the red ugly thing but do no damage.
The red ugly thing bites you!
* * * LOW HITPOINT WARNING * * *
You are engulfed in flames!
You die...

#.# .#
###.#######.##############.#
...........................#
..######.#######...........#
..# #.# #...........# ..#
#.# #...........# ..# #.#
#...........#
..######.#######...........#
..†%...........us........<.#
..######.#######....≈......#
..# #.# #...P≈≈.....# ..#
#.# #...≈≈P.....# ..# #.#
#.##≈.≈####.# ..#
#.#######.##.P.# #.# ...
..........###### #.# ..#
#.#######.# #.# ..# #.# #.#


You could see a red ugly thing.

Vanquished Creatures
  Gastronok (D:9)
  A two-headed ogre (D:10)
  An elephant (D:9)
  4 trolls
  3 hornets
  Grinder (D:6)
  5 hippogriffs
  A wyvern (D:11)
  A basilisk (D:9)
  2 steam dragons
  Grum (D:10)
  Menkaure (D:6)
  2 insubstantial wisps (D:9)
  2 soldier ants
  Duvessa (D:4)
  A water moccasin (D:9)
  3 orc warriors (D:9)
  An ice beast (D:7)
  4 sky beasts
  An eye of draining (D:10)
  9 ogres
  A phantom (D:7)
  4 wolves
  A centaur (D:5)
  2 crocodiles
  A big kobold (D:4)
  7 bullfrogs
  2 gnoll sergeants
  2 wyvern skeletons
  4 scorpions
  The ghost of Gildeon the Chopper, a weakling MiFi of Okawaru (D:3)
  5 killer bees (D:7)
  5 howler monkeys
  6 crimson imps
  A centaur zombie (D:7)
  6 hounds
  A bullfrog zombie (D:9)
  A quasit (D:6)
  4 jellies
  A gnoll shaman (D:8)
  Crazy Yiuf (D:5)
  5 orc priests
  3 orc wizards
  A bullfrog skeleton (D:9)
  A centaur skeleton (D:10)
  3 iguanas
  4 worker ants
  A worker ant zombie (D:5)
  20 gnolls
  12 adders
  3 shadow imps
  2 oozes
  An adder zombie (D:9)
  3 worms
  3 dart slugs
  7 leopard geckos
  34 orcs
  8 giant cockroaches
  6 hobgoblins
  16 jackals
  3 quokkas
  11 bats
  4 frilled lizards
  11 goblins
  5 kobolds
  A leopard gecko zombie (D:5)
  A quokka skeleton (D:6)
  6 rats
277 creatures vanquished.

Vanquished Creatures (collateral kills)
  Dowan (D:4)
1 creature vanquished.

Vanquished Creatures (others)
  2 orcs (D:10)
  A plant (D:11)
3 creatures vanquished.

Grand Total: 281 creatures vanquished

Notes
Turn   | Place    | Note
-------+----------+-------------------------------------------
     0 | D:1      | KeeTraxx the Vine Stalker Transmuter began the quest for the Orb.
     0 | D:1      | Reached XP level 1. HP: 9/9 MP: 4/4
   133 | D:1      | Reached XP level 2. HP: 4/14 MP: 3/6
   471 | D:1      | Learned a level 2 spell: Sticks to Snakes
   610 | D:1      | Reached skill level 1 in Fighting
  1013 | D:2      | Reached XP level 3. HP: 17/18 MP: 5/7
  1494 | D:2      | Gained mutation: Your natural rate of healing is unusually fast. [Vine Stalker growth]
  1494 | D:2      | Reached XP level 4. HP: 17/22 MP: 6/8
  1555 | D:2      | Learned a level 3 spell: Spider Form
  1646 | D:2      | Found a faded altar of an unknown god.
  1860 | D:2      | Found a hazy altar of Hepliaklqana.
  1863 | D:2      | Found a basalt altar of Yredelemnul.
  1866 | D:2      | Found a radiant altar of Vehumet.
  2130 | D:3      | Found a snail-covered altar of Cheibriados.
  2176 | D:3      | Noticed Gildeon's ghost (weakling MiFi)
  2258 | D:2      | Reached skill level 4 in Unarmed Combat
  2308 | D:2      | You fall through a shaft for 2 floors!
  2347 | D:4      | Learned a level 1 spell: Confusing Touch
  2445 | D:4      | Noticed a big kobold
  2461 | D:4      | Killed a big kobold
  2461 | D:4      | Reached XP level 5. HP: 25/25 MP: 4/9
  2568 | D:4      | Reached skill level 1 in Hexes
  2787 | D:3      | Reached XP level 6. HP: 30/30 MP: 10/10
  2893 | D:3      | Killed Gildeon's ghost
  2893 | D:3      | Reached skill level 5 in Unarmed Combat
  3666 | D:4      | Reached XP level 7. HP: 32/35 MP: 9/11
  4007 | D:4      | Noticed Dowan
  4016 | D:4      | Noticed Duvessa
  4021 | D:4      | Killed Dowan
  4050 | D:4      | Killed Duvessa
  4050 | D:4      | Reached skill level 6 in Unarmed Combat
  4402 | D:5      | Entered Level 5 of the Dungeon
  4464 | D:5      | Found a blossoming altar of Fedhas.
  4498 | D:5      | Noticed an oklob plant
  4935 | D:5      | Found Iplonidde's General Store.
  4969 | D:5      | Found a runed door.
  5018 | D:5      | Gained mutation: You have razor-sharp teeth. [Vine Stalker growth]
  5018 | D:5      | Reached XP level 8. HP: 37/39 MP: 5/12
  5073 | D:5      | Found a shimmering altar of Xom.
  5080 | D:5      | Found a glowing golden altar of the Shining One.
  5080 | D:5      | Found an iron altar of Okawaru.
  5083 | D:5      | Found a white marble altar of Elyvilon.
  5083 | D:5      | Found a shimmering altar of Xom.
  5083 | D:5      | Found a burning altar of Makhleb.
  5242 | D:5      | Reached skill level 5 in Transmutations
  5605 | D:5      | Noticed Crazy Yiuf
  5612 | D:5      | Killed Crazy Yiuf
  5718 | D:6      | Reached skill level 7 in Unarmed Combat
  5824 | D:6      | Noticed Menkaure
  5859 | D:6      | Killed Menkaure
  5886 | D:6      | Learned a level 4 spell: Ice Form
  6116 | D:6      | Noticed Grinder
  6135 | D:6      | Killed Grinder
  6135 | D:6      | Reached skill level 1 in Poison Magic
  6135 | D:6      | Reached XP level 9. HP: 38/45 MP: 9/17
  6217 | D:6      | Found Feint's Distillery.
  6223 | D:6      | Bought 2 potions of degeneration for 24 gold pieces
  6339 | D:6      | Reached skill level 8 in Unarmed Combat
  6339 | D:6      | Reached skill level 5 in Spellcasting
  7032 | D:7      | Reached skill level 1 in Ice Magic
  7152 | D:7      | Reached skill level 9 in Unarmed Combat
  7373 | D:7      | Found a staircase to the Ecumenical Temple.
  7398 | Temple   | Entered the Ecumenical Temple
  7649 | Temple   | Became a worshipper of the Wu Jian Council
  7797 | D:7      | Reached XP level 10. HP: 49/51 MP: 12/19
  8278 | D:8      | Reached skill level 10 in Unarmed Combat
  8387 | D:8      | Found a white marble altar of Elyvilon.
  8432 | D:8      | Found a shadowy altar of Dithmenos.
  8870 | D:9      | Found an iron altar of Okawaru.
  8901 | D:9      | Noticed Gastronok
  8958 | D:9      | Killed Gastronok
  8958 | D:9      | Reached skill level 5 in Fighting
  8958 | D:9      | Reached skill level 11 in Unarmed Combat
  8958 | D:9      | Reached XP level 11. HP: 8/55 MP: 3/20
  9070 | D:8      | Upgraded the game from 0.21-a0-528-gf531e82 to 0.21-a0-529-g8c7b3f5
  9184 | D:8      | Reached skill level 5 in Ice Magic
  9333 | D:9      | Reached * piety under Wu Jian
  9337 | D:9      | Found a staircase to the Lair.
  9376 | D:9      | Reached skill level 12 in Unarmed Combat
  9603 | D:9      | Found Fysi's General Store.
 10242 | D:10     | Entered Level 10 of the Dungeon
 10242 | D:10     | Noticed Grum
 10313 | D:10     | Noticed a two-headed ogre
 10498 | D:10     | Killed a two-headed ogre
 10661 | D:10     | Killed Grum
 10661 | D:10     | Reached skill level 13 in Unarmed Combat
 10706 | D:10     | Found a staircase to the Orcish Mines.
 10916 | D:10     | Reached ** piety under Wu Jian
 11583 | D:11     | Noticed a red ugly thing
 11610 | D:11     | Mangled by a red ugly thing

Vault maps used:
D:1:      roderic_dead_forest, st_stairs_9
D:2:      grunt_temple_overflow_diamond, chequers_ecumenical_altar_grove,
          first_bread
D:3:      lemuel_crystal_altar
D:4:      cheibrodos_old_hovel, hangedman_glass_teeth, uniq_duvessa
D:5:      tgw_fedhas, serial_shops, shop, hangedman_decor_clover_reticule,
          minmay_misc_feat_rows, doesnt_xom_only_xom, uniq_crazy_yiuf_cottage
D:6:      serial_shops, nicolae_shop_trees, uniq_menkaure, uniq_grinder
D:7:      temple_green
D:8:      nicolae_dithmenos_through_a_glass_darkly,
          nicolae_overflow_hidden_temple, hangedman_pestilent_swarm
D:9:      lemuel_coloured_pillars_altar, david_lair_generic, special_room,
          serial_shops, nicolae_shop_stone, abandoned_shop,
          hangedman_misty_isle, uniq_gastronok
D:10:     orc_0_dummy, lemuel_flamethrower_1, uniq_grum
D:11:     serial_bayou, serial_bayou_pond_e, serial_bayou_crossing,
          serial_bayou_pond_e, serial_bayou_shore_b
Temple:   minmay_temple_curvy_branch

Skill      XL: |  1  2  3  4  5  6  7  8  9 10 11 |
---------------+----------------------------------+-----
Fighting       | 1 2 4 5 |  5.4
Transmutations | 3 4 5 6 7 |  7.5
Unarmed Combat | 4 5 6 7 9 11 13 | 13.4
Hexes          | 1 2 3 |  3.1
Spellcasting   | 4 5 |  5.5
Poison Magic   | 1 2 |  2.0
Ice Magic      | 2 4 5 |  5.0
Dodging        | |  1.5

Action                   |  1- 3 |  4- 6 |  7- 9 | 10-12 || total
-------------------------+-------+-------+-------+-------++-------
Melee: Unarmed           |   106 |   122 |   312 |   381 ||   921
       Bite              |    18 |    34 |    48 |    22 ||   122
       Kick              |     9 |    15 |    17 |       ||    41
       Headbutt          |     6 |     9 |    16 |     1 ||    32
       Punch             |     1 |     1 |     7 |     4 ||    13
 Fire: Hunting sling     |       |    57 |    97 |     5 ||   159
 Cast: Beastly Appendage |    19 |    17 |    29 |     8 ||    73
       Spider Form       |       |     1 |    21 |    33 ||    55
       Confusing Touch   |       |     7 |    32 |    34 ||    73
       Sticks to Snakes  |       |       |     1 |       ||     1
       Ice Form          |       |       |       |     7 ||     7
 Abil: End Transformatio |       |       |       |     2 ||     2
  Use: Scroll            |       |       |    14 |     3 ||    17
       Potion            |       |       |       |     3 ||     3
 Stab: Confused          |       |     1 |    19 |    23 ||    43
       Sleeping          |       |       |       |     1 ||     1
  Eat: Chunk             |     2 |     7 |    14 |    14 ||    37
       Fruit             |       |       |     5 |       ||     5
Armor: Robe              |    29 |     1 |       |       ||    30
       Leather armour    |       |    23 |    55 |     6 ||    84
       Skin              |       |     1 |     6 |     5 ||    12
       Steam dragon scal |       |       |       |     8 ||     8
Dodge: Dodged            |    72 |    68 |   225 |   150 ||   515

Table legend:
 A = Spawn XP
 B = Non-spawn XP
 C = Spawn XP percentage of total XP
 D = Spawn monster count
 E = Non-spawn monster count
 F = Spawn count percentage of total count
 G = Total turns spent on level
                    A         B        C        D         E        F      G
               +---------+---------+-------+---------+---------+-------+---------
         Total |       0 |   16613 |   0.0 |       0 |     275 |   0.0 | 11610
               +---------+---------+-------+---------+---------+-------+---------
           D:1 |       0 |      33 |   0.0 |       0 |      20 |   0.0 |  1120
           D:2 |       0 |      89 |   0.0 |       0 |      19 |   0.0 |  1087
           D:3 |       0 |     220 |   0.0 |       0 |      30 |   0.0 |  1131
           D:4 |       0 |     747 |   0.0 |       0 |      22 |   0.0 |  1075
           D:5 |       0 |     405 |   0.0 |       0 |      18 |   0.0 |  1257
           D:6 |       0 |    1403 |   0.0 |       0 |      23 |   0.0 |   978
           D:7 |       0 |    1722 |   0.0 |       0 |      35 |   0.0 |   902
           D:8 |       0 |    2212 |   0.0 |       0 |      29 |   0.0 |  1039
           D:9 |       0 |    5803 |   0.0 |       0 |      46 |   0.0 |  1524
          D:10 |       0 |    2945 |   0.0 |       0 |      23 |   0.0 |  1074
          D:11 |       0 |    1034 |   0.0 |       0 |      10 |   0.0 |   149
               +---------+---------+-------+---------+---------+-------+---------
